 Dungeon Sprint DCSS version 0.30.1-11-g7821555f0a (webtiles) character file.

Game seed: 6290175925101016609

3000 Heoruswealwe the Impaler (level 9, -4/94 HPs)
             Began as a Minotaur Fighter on Nov 9, 2023.
             Was an Initiate of Gozag.
             Slain by a tengu warrior
             ... wielding a +0 battleaxe
              (21 damage)
             ... in the Dungeon (Sprint IX: "|||||||||||||||||||||||||||||").
             The game lasted 00:03:05 (295 turns).

Heoruswealwe the Impaler (Minotaur Fighter)          Turns: 295, Time: 00:03:06

Health: -4/94      AC: 14    Str: 25    XL:     9   Next: 54%
Magic:  8/8        EV: 11    Int:  5    God:    Gozag
Gold:   675        SH:  0    Dex: 10    Spells: 8/8 levels left

rFire   . . .        b - +2 halberd (venom)
rCold   . . .        (shield currently unavailable)
rNeg    . . .        c - +1 chain mail
rPois   .            (helmet restricted)
rElec   .            (no cloak)
rCorr   .            (no gloves)
SInv    .            (no boots)
Will    .....        (no amulet) Stlth
                     k - +2 ring of evasion
HPRegen 0.35/turn    (no ring)
MPRegen 0.11/turn

%: no teleportation
@: on berserk cooldown, slowed, very slow
A: horns 2, retaliatory headbutt
a: Renounce Religion, Potion Petition, Call Merchant, Bribe Branch


You were in the Dungeon.
You worshipped Gozag.
Gozag was pleased with you.
You visited 1 branch You collected 675 gold pieces.

Inventory:

Hand Weapons
 a - a +0 trident
 b - a +2 halberd of venom (weapon)
Armour
 c - a +1 chain mail (worn)
 d - a +0 buckler
Jewellery
 k - a +2 ring of evasion (left hand)
Wands
 h - a wand of iceblast (10)
Scrolls
 j - 2 scrolls of blinking
Potions
 e - 5 potions of curing
 g - a potion of haste
 l - a potion of might


   Skills:
 + Level 13.7 Fighting
 * Level 18.4 Polearms
 + Level 13.7 Armour
 - Level 3.6 Shields


You had 8 spell levels left.
You didn't know any spells.
Your spell library was empty.

Dungeon Overview and Level Annotations

Branches:
Dungeon (1/1)

Altars:
Cheibriados
Dithmenos
Elyvilon
Fedhas
Gozag
Hepliaklqana
Kikubaaqudgha
Makhleb
Nemelex Xobeh
Okawaru
Qazlal
Ru
Sif Muna
Trog
Uskayaw
Vehumet
Wu Jian
Xom
Yredelemnul
Zin
The Shining One
Jiyva
Lugonu


Innate Abilities, Weirdness & Mutations

You have a pair of horns on your head.
You reflexively headbutt those who attack you in melee.


Message History

The tengu warrior is moderately wounded.
The tengu warrior hits you with a +0 battleaxe!!
* * * LOW HITPOINT WARNING * * *
The tengu warrior pecks you but does no damage.
The tengu warrior claws you but does no damage.
You closely miss the tengu warrior.
The tengu warrior is moderately wounded.
The tengu warrior hits you with a +0 battleaxe!
* * * LOW HITPOINT WARNING * * *
The tengu warrior barely misses you.
The tengu warrior claws you but does no damage.
You feel much better. The tengu warrior barely misses you.
The tengu warrior pecks you but does no damage.
The tengu warrior claws you but does no damage.
You hit the tengu warrior.
The tengu warrior looks as sick as possible!
Your headbutt misses the tengu warrior.
The tengu warrior is heavily wounded.
The tengu warrior hits you with a +0 battleaxe!!
* * * LOW HITPOINT WARNING * * *
The tengu warrior barely misses you.
The tengu warrior claws you but does no damage.
You feel much better. The tengu warrior barely misses you. x2
The tengu warrior claws you but does no damage.
The tengu warrior hits you with a +0 battleaxe.
The tengu warrior pecks you. The tengu warrior misses you.
You hit the tengu warrior.
The tengu warrior looks as sick as possible!
Your headbutt misses the tengu warrior.
The tengu warrior is heavily wounded.
The tengu warrior hits you with a +0 battleaxe!
* * * LOW HITPOINT WARNING * * *
The tengu warrior pecks you.
* * * LOW HITPOINT WARNING * * *
The tengu warrior misses you.
You completely miss the tengu warrior.
The tengu warrior is heavily wounded.
The tengu warrior hits you with a +0 battleaxe!!
You die...
Your body crumbles into a pile of gold. $$$$$

$ $ $ $$$ $ $$ $
▓▓▓▓▓▓▓▓▓▓▓▓▓▓▓▓▓▓▓▓▓▓▓
+....Q@$......'..=[[[)?
▓▓▓▓▓▓▓▓▓▓▓▓▓▓▓▓▓▓▓▓▓▓▓


You could see a tengu warrior (extremely poisoned).

Vanquished Creatures
  A hydra (D)
  2 centaur warriors (D)
  A meliai (D)
  4 yaks (D)
  A vampire (D)
  A vampire mosquito (D)
  A phantom (D)
  A killer bee (D)
  A gnoll bouda (D)
  A shadow imp (D)
  An ufetubus (D)
  An orc (D)
  A giant cockroach (D)
  2 bats (D)
  2 rats (D)
21 creatures vanquished.

Notes
Turn   | Place    | Note
-------+----------+-------------------------------------------
     0 | D        | Heoruswealwe the Minotaur Fighter began the quest for the
                  | Orb.
     0 | D        | Reached XP level 1. HP: 19/19 MP: 0/0
     6 | D        | Reached skill level 3 in Polearms
    18 | D        | Noticed a phantom
    18 | D        | Noticed a gnoll bouda
    25 | D        | Reached skill level 4 in Polearms
    25 | D        | Reached XP level 2. HP: 25/28 MP: 1/1
    30 | D        | Reached skill level 5 in Polearms
    38 | D        | Reached skill level 5 in Fighting
    38 | D        | Reached skill level 6 in Polearms
    38 | D        | Reached skill level 5 in Armour
    38 | D        | Reached XP level 3. HP: 21/36 MP: 2/2
    48 | D        | Killed a phantom
    49 | D        | Reached skill level 8 in Polearms
    49 | D        | Reached XP level 4. HP: 14/45 MP: 3/3
    55 | D        | Found a snail-covered altar of Cheibriados.
    55 | D        | Found a shadowy altar of Dithmenos.
    55 | D        | Found a white marble altar of Elyvilon.
    55 | D        | Found a blossoming altar of Fedhas.
    55 | D        | Found an opulent altar of Gozag.
    56 | D        | Found a hazy altar of Hepliaklqana.
    57 | D        | Found a viscous altar of Jiyva.
    58 | D        | Found an ancient bone altar of Kikubaaqudgha.
    59 | D        | Found a corrupted altar of Lugonu.
    60 | D        | Found a burning altar of Makhleb.
    61 | D        | Found a sparkling altar of Nemelex Xobeh.
    62 | D        | Found an iron altar of Okawaru.
    63 | D        | Became a worshipper of Gozag Ym Sagoz the Greedy
    64 | D        | Found a stormy altar of Qazlal.
    65 | D        | Found a sacrificial altar of Ru.
    66 | D        | Found a shimmering blue altar of Sif Muna.
    67 | D        | Found a bloodstained altar of Trog.
    68 | D        | Found a hide-covered altar of Uskayaw.
    69 | D        | Found a radiant altar of Vehumet.
    70 | D        | Found an ornate altar of the Wu Jian Council.
    71 | D        | Found a shimmering altar of Xom.
    72 | D        | Found a basalt altar of Yredelemnul.
    73 | D        | Found a glowing silver altar of Zin.
    74 | D        | Found a glowing golden altar of the Shining One.
   164 | D        | Noticed a yak
   164 | D        | Noticed a yak
   164 | D        | Noticed a yak
   164 | D        | Noticed a yak
   164 | D        | Noticed a vampire
   170 | D        | Killed a vampire
   171 | D        | Reached skill level 10 in Polearms
   171 | D        | Reached XP level 5. HP: 33/53 MP: 4/4
   173 | D        | Reached skill level 11 in Polearms
   173 | D        | Reached XP level 6. HP: 38/62 MP: 5/5
   176 | D        | Killed a yak
   177 | D        | Reached skill level 12 in Polearms
   178 | D        | Killed a yak
   179 | D        | Reached skill level 10 in Fighting
   179 | D        | Reached skill level 13 in Polearms
   179 | D        | Reached skill level 10 in Armour
   179 | D        | Reached XP level 7. HP: 46/72 MP: 6/6
   185 | D        | Killed a yak
   190 | D        | Killed a yak
   191 | D        | Reached skill level 14 in Polearms
   262 | D        | Noticed a tengu warrior
   262 | D        | Noticed a vampire mosquito
   262 | D        | Noticed a centaur warrior
   262 | D        | Noticed a centaur warrior
   262 | D        | Noticed a meliai
   262 | D        | Noticed a seven-headed hydra
   267 | D        | Killed a nine-headed hydra
   268 | D        | Reached skill level 15 in Polearms
   268 | D        | Reached XP level 8. HP: 83/83 MP: 7/7
   271 | D        | Killed a meliai
   272 | D        | Reached skill level 16 in Polearms
   277 | D        | Killed a centaur warrior
   278 | D        | Reached skill level 17 in Polearms
   278 | D        | Reached XP level 9. HP: 61/93 MP: 8/8
   283 | D        | Killed a centaur warrior
   284 | D        | Reached skill level 18 in Polearms
   295 | D        | Slain by a tengu warrior

Illustrated notes

Levels and vault maps discovered:
D:        linesprint [early_d, line_temple, items_1, d_10, items_2, lair_1,
          lair_end, items_3, orc_1, orc_end, items_4, d_15, swamp_1, shoals_1,
          snake_1, spider_1, d_20, vaults_1, items_5, swamp_end, shoals_end,
          snake_end, spider_end, vaults_end, d_27, items_6, zot_1, zot_end,
          crypt_end, forest_end, elf_end, slime_end, tomb_end, abyss_end,
          pan_hell_end]

Skill      XL: |  1  2  3  4  5  6  7  8  9 |
---------------+----------------------------+-----
Polearms       | 4 6 8 10 11 13 15 17 18 | 18.4
Fighting       | 4 5 6 8 10 12 13 | 13.7
Armour         | 4 5 6 8 10 12 13 | 13.7
Shields        | |  3.6

Action                     |  1- 3 |  4- 6 |  7- 9 || total
---------------------------+-------+-------+-------++-------
  Melee: Trident           |    35 |       |       ||    35
         Headbutt          |     5 |     1 |     6 ||    12
         Halberd           |       |    13 |    38 ||    51
    Use: Potion            |       |     1 |     3 ||     4
   Stab: Distracted        |       |     1 |       ||     1
 Armour: Scale mail        |    13 |       |       ||    13
         Chain mail        |       |     2 |    24 ||    26
  Dodge: Dodged            |    12 |     1 |    26 ||    39
  Block: Buckler           |     7 |       |       ||     7
